 Dungeon Crawl Stone Soup version 0.29.1-15-g9cfb28693d (webtiles) character file.

Game seed: 2022137289675497634

98 xSliceyx the Magician (level 5, 28/35 HPs)
             Began as a Djinni Hedge Wizard on Feb 21, 2023.
             Quit the game on level 2 of the Dungeon.
             The game lasted 00:04:02 (2693 turns).

xSliceyx the Magician (Djinni Hedge Wizard)         Turns: 2693, Time: 00:04:02

Health: 28/35      AC:  3    Str:  9    XL:     5   Next: 1%
Gold:   211        EV: 12    Int: 17    God:
                   SH:  0    Dex: 13

rFire   + + .      SeeInvis .   f - +0 whip
rCold   x . .      Faith    .   (no shield)
rNeg    . . .      Spirit   .   b - +0 robe
rPois   ∞          Reflect  .   c - +0 hat
rElec   .          Harm     .   m - +0 cloak
rCorr   .          Rampage  .   (no gloves)
Will    .....                   (boots unavailable)
Stlth   ++........              (no amulet)
HPRegen 0.11/turn               (no ring)
MPRegen 0.00/turn               (no ring)

@: flying, slowed, very slow
A: sickness immunity, fire resistance 2, cold vulnerability 1, float, innate
caster, HP casting, extra vitality 1
a: no special abilities


You were on level 2 of the Dungeon.
You visited 1 branch of the dungeon, and saw 2 of its levels.

You collected 211 gold pieces.

Inventory:

Hand Weapons
 f - a +0 whip (weapon)
Missiles
 e - 8 poisoned darts
Armour
 b - a +0 robe (worn)
 c - a +0 hat (worn)
 m - a +0 cloak (worn)
Scrolls
 d - 4 scrolls of identify {unknown}
 g - a scroll of enchant weapon {unknown}
 i - a scroll of fear {unknown}
 j - a scroll of torment {unknown}
 l - a scroll of immolation {unknown}
 n - a scroll of magic mapping {unknown}
 p - a scroll of fog {unknown}
Potions
 a - a potion of resistance {unknown}
 h - 2 potions of curing {unknown}
 k - a potion of haste {unknown}
 o - a potion of magic {unknown}


   Skills:
 - Level 2.1 Dodging
 - Level 1.5 Stealth
 + Level 4.1 Spellcasting


You couldn't memorise any spells.
You knew the following spells:

 Your Spells              Type           Power      Damage    Failure   Level
a - Magic Dart            Conj           68%        1d6       2%          1
b - Blink                 Tloc           34%        N/A       4%          2
c - Call Imp              Summ           17%        N/A       4%          2
d - Slow                  Hex            68%        N/A       2%          1
e - Conjure Flame         Conj/Fire      17%        6-21      9%          3
f - Mephitic Cloud        Conj/Pois/Air  17%        N/A       9%          3
g - Necrotise             Necr           68%        1d7       2%          1
h - Wereblood             Tmut           17%        N/A       4%          2
Your spell library was empty.

Dungeon Overview and Level Annotations

Branches:
Dungeon (2/15)

Altars:


Innate Abilities, Weirdness & Mutations

You are immune to sickness and miasma.
You are immune to poison.
Your flesh is very heat resistant. (rF++)
You are vulnerable to cold. (rC-)
You float through the air rather than walking.
You learn spells naturally, not from books.
Your magical power is your life essence.
You have superior vitality. (+4 MHP)


Message History

The magic dart hits Natasha.
You kill Natasha!
Natasha screams in fury as she dies!
Unknown command.
You start resting.
Your white imp disappears in a puff of smoke!
HP restored.
You see here the felid corpse of Natasha.
p - a scroll labelled ROEQANLIFF
There is a stone staircase leading down here.
Natasha, Servant of Life and Death comes into view.
Casting: Magic Dart (safe; 3% risk of failure)
Confirm with . or Enter, or press ? or * to list all spells.
A beastly little devil appears in a puff of flame.
Natasha hisses angrily.
Casting: Call Imp (safe; 4% risk of failure)
Confirm with . or Enter, or press ? or * to list all spells.
Aiming: Slow (safe; 3% risk of failure)
Press: ? - help, Shift-Dir - straight line, f - Natasha
Aim: Natasha (ally target, chance to affect: 55%) Natasha seems to slow down.
Your crimson imp hits Natasha.
The magic dart hits Natasha.
Natasha is heavily wounded.
Natasha casts a spell at you.
You feel yourself slow down.
Your crimson imp barely misses Natasha.
The magic dart hits Natasha.
Natasha is heavily wounded.
Your crimson imp barely misses Natasha.
The magic dart hits Natasha.
Natasha is severely wounded.
Your crimson imp blinks!
Natasha closely misses you.
The magic dart hits Natasha.
You kill Natasha!
You hear a faint echoing roar filled with hate and sorrow!
Your Spellcasting skill increases to level 4!
You have reached level 5!
The power to cast Wereblood wells up from within.
Spell assigned to 'h'.
Are you sure you want to abandon this character and quit the game? (Confirm with "yes".)

#####..............#
###.................##
##........#..........#
#......####.#........#
##...#### #.#........#
#...## #.#........#
#...# #..........#
####### ...##
#..........# #......
...# ###..@..)..#
#.####. ..##
###........#####.####.
###
#......5...'........#.
#
###........##########.
############
##'##'#.............
........#..#
#.##.#.######.#####
.....#.....####.##.#.#
#.#
.#####.............#.#
#.#
##...#.............#.#
#.#


You could see a friendly crimson imp (summoned).

Vanquished Creatures
  Natasha (twice) (D:2)
  2 adders (D:2)
  4 ball pythons (D:1)
  3 endoplasms
  A giant cockroach (D:1)
  A goblin (D:1)
  3 hobgoblins
  3 jackals (D:2)
  5 kobolds
  2 quokkas (D:1)
  A frilled lizard (D:2)
  4 rats
31 creatures vanquished.

Notes
Turn   | Place    | Note
-------+----------+-------------------------------------------
     0 | D:1      | xSliceyx the Djinni Hedge Wizard began the quest for the
                  | Orb.
     0 | D:1      | xSliceyx set off with the following spells memorised: Magic
                  | Dart, Blink, Call Imp, Slow, Conjure Flame, Mephitic Cloud.
     0 | D:1      | Reached XP level 1. HP: 15/15 MP: 0/0
   520 | D:1      | Reached XP level 2. HP: 19/21 MP: 0/0
   845 | D:1      | Reached skill level 3 in Spellcasting
  1241 | D:1      | Reached XP level 3. HP: 23/25 MP: 0/0
  1241 | D:1      | Learned a level 1 spell: Necrotise
  1430 | D:1      | Found a faded altar of an unknown god.
  2178 | D:2      | Reached XP level 4. HP: 28/31 MP: 0/0
  2466 | D:2      | Noticed Natasha
  2478 | D:2      | Killed Natasha
  2685 | D:2      | Noticed Natasha
  2692 | D:2      | Killed Natasha
  2693 | D:2      | Reached skill level 4 in Spellcasting
  2693 | D:2      | Reached XP level 5. HP: 28/35 MP: 0/0
  2693 | D:2      | Learned a level 2 spell: Wereblood
  2693 | D:2      | Quit the game

Illustrated notes

Levels and vault maps discovered:
D:1:      giann_horns, layout_basic, shapermc_ecumenical_altar_petra,
          minmay_pentomino_v4
D:2:      layout_basic, eino_curves_04, minmay_unequal, uniq_natasha

Skill      XL: |  1  2  3  4 |
---------------+-------------+-----
Spellcasting   | 3 4 |  4.1
Dodging        | |  2.1
Stealth        | |  1.5

Action                   |  1- 3 |  4- 6 || total
-------------------------+-------+-------++-------
Melee: Whip              |     1 |       ||     1
 Cast: Magic Dart        |    66 |    14 ||    80
       Necrotise         |     3 |       ||     3
       Slow              |       |     2 ||     2
       Call Imp          |       |     2 ||     2
Dodge: Dodged            |     8 |     2 ||    10
